 Dungeon Crawl Stone Soup version 0.31.0-9-g3a7656b989 (webtiles) character file.

Game seed: 8141529206946226705

50 qw the Shooter (level 3, 0/20 HPs)
             Began as a Deep Elf Hunter on Feb 2, 2024.
             Slain by a goblin
             ... wielding a +0 club
             ... led by Robin
              (4 damage)
             ... on level 2 of the Dungeon.
             The game lasted 00:00:03 (993 turns).

qw the Shooter (Deep Elf Hunter)                     Turns: 993, Time: 00:00:04

Health: 0/20       AC:  6    Str: 10    XL:     3   Next: 55%
Magic:  5/5        EV: 11    Int: 13    God:
Gold:   8          SH:  0    Dex: 18    Spells: 2/2 levels left

rFire   . . .        a - +0 shortbow
rCold   . . .        (shield currently unavailable)
rNeg    . . .        g - +0 ring mail
rPois   .            (no helmet)
rElec   .            (no cloak)
rCorr   .            f - +0 pair of gloves
SInv    .            (no boots)
Will    .....        (no amulet)
Stlth   +            (no ring)
HPRegen 0.23/turn    (no ring)
MPRegen 0.09/turn

%: no passive effects
@: no status effects
A: no striking features
a: no special abilities


You were on level 2 of the Dungeon.
You visited 1 branch of the dungeon, and saw 2 of its levels.

You collected 8 gold pieces.


   Skills:
 - Level 1.5 Fighting
 + Level 7.1 Ranged Weapons
 - Level 2.4 Dodging
 - Level 1.2 Stealth


You had 2 spell levels left.
You didn't know any spells.
Your spell library was empty.

Inventory:

Hand Weapons
 a - a +0 shortbow (weapon)
Armour
 f - a +0 pair of gloves (worn)
 g - a +0 ring mail (worn)
Potions
 b - a potion of brilliance {unknown}
 d - a potion of lignification {unknown}
 e - a potion of degeneration {unknown}

Dungeon Overview and Level Annotations

Branches:
Dungeon (2/15)

Altars:

Annotations:
D:2 Robin


Message History

The goblin barely misses you. The goblin hits you but does no damage.
You shoot an arrow. The arrow hits Robin.
Robin is lightly wounded.
Robin throws the goblin at you! The goblin hits you but does no damage.
The goblin hits you with a +0 club.
You shoot an arrow. The arrow hits Robin.
Robin is heavily wounded.
The goblin hits you with a +0 dagger. The goblin misses you.
You shoot an arrow. The arrow hits Robin.
Robin is heavily wounded.
Robin roars a battlecry!
The goblin goes into a battle-frenzy!
The goblin hits you but does no damage. The goblin barely misses you.
The hobgoblin hits you but does no damage.
The goblin hits you but does no damage. The goblin closely misses you.
Robin throws the goblin at you!
You shoot an arrow. The arrow barely misses Robin.
Robin hits you but does no damage.
The hobgoblin hits you but does no damage.
The goblin barely misses you. The goblin hits you but does no damage.
You shoot an arrow.
The arrow hits Robin but does no damage.
Robin is heavily wounded.
Robin closely misses you. The hobgoblin hits you.
The goblin hits you but does no damage. The goblin barely misses you.
You shoot an arrow.
The arrow hits Robin but does no damage.
Robin is heavily wounded.
Robin hits you with a +0 short sword. The goblin misses you.
The hobgoblin closely misses you. The goblin closely misses you.
You shoot an arrow. The arrow barely misses Robin.
Robin barely misses you. The goblin closely misses you. The hobgoblin hits you.
The goblin hits you but does no damage.
You shoot an arrow. The arrow closely misses Robin.
The goblin no longer looks unusually strong. x2
Robin barely misses you. The goblin hits you but does no damage.
The hobgoblin hits you. The goblin hits you but does no damage.
Robin barely misses you. The goblin hits you but does no damage.
The goblin hits you with a +0 club.
You die...

..............#
..............#
......##......#
...#..##......# ##
.....#####.#### ..
..##.# #.## .#
.###.# #.(## g#
..#..# ####..####g#
.....###...#...g@g#
......#........g.##
..................#
..#...............#
..#.#.............#
>...#.#..........##
...##...........##
... #####......##
... #......


You could see Robin, a hobgoblin (strong) and 3 goblins.

Vanquished Creatures
  An adder (D:2)
  A dart slug (D:1)
  2 endoplasms
  A giant cockroach (D:1)
  3 hobgoblins
  2 jackals (D:1)
  5 quokkas
  4 ball pythons (D:1)
  2 bats (D:1)
  2 frilled lizards (D:1)
  6 goblins
  6 kobolds (D:1)
35 creatures vanquished.

Notes
Turn   | Place    | Note
-------+----------+-------------------------------------------
     0 | D:1      | qw the Deep Elf Hunter began the quest for the Orb.
     0 | D:1      | Reached XP level 1. HP: 12/12 MP: 3/3
     0 | D:1      | 0 ||| qw: Version: 0.3-a-155-g5e7d8dd
     0 | D:1      | 0 ||| qw: Game counter: 1957
     0 | D:1      | 0 ||| qw: Melee chars always use a shield: true
     0 | D:1      | 0 ||| qw: God list: Okawaru
     0 | D:1      | 0 ||| qw: Allow faded altars: false
     0 | D:1      | 0 ||| qw: Do Orc after clearing Dungeon:15 true
     0 | D:1      | 0 ||| qw: Do second Lair branch before Depths: true
     0 | D:1      | 0 ||| qw: Lair rune preference: random
     0 | D:1      | 0 ||| qw: Goals: Normal
     0 | D:1      | 0 ||| PLANNING D:1-11
   216 | D:1      | Reached skill level 6 in Ranged Weapons
   216 | D:1      | Reached XP level 2. HP: 16/16 MP: 4/4
   570 | D:1      | Reached XP level 3. HP: 20/20 MP: 5/5
   787 | D:1      | 787 ||| UPGRADING to +0 pair of gloves.
   792 | D:1      | 792 ||| UPGRADING to +0 ring mail.
   802 | D:1      | 802 ||| DROPPING +0 leather armour.
   803 | D:1      | 803 ||| READING scroll labelled DAD NETADDI.
   804 | D:1      | 804 ||| DROPPING scroll of butterflies.
   932 | D:2      | Reached skill level 7 in Ranged Weapons
   980 | D:2      | Noticed Robin
   992 | D:2      | HP: 5/20 [hobgoblin[Robin] (5)]
   993 | D:2      | Slain by a goblin

Levels and vault maps discovered:
D:1:      matt_arrival_grand_opening, layout_loops_cross, dk_noncrumbling_4,
          minmay_liquid_box, kennysheep_another_room
D:2:      layout_rooms, amcnicky_mini_pool_small, uniq_robin

Skill      XL: |  1  2  3 |
---------------+----------+-----
Ranged Weapons | 6 7 |  7.1
Fighting       | |  1.5
Dodging        | |  2.4
Stealth        | |  1.2

Action                     || total
---------------------------++-------
   Fire: Shortbow          ||   107
    Use: Scroll            ||     1
 Armour: Leather armour    ||    14
         Ring mail         ||    31
  Dodge: Dodged            ||    45

Table legend:
 A = Non-vault XP
 B = Vault XP
 C = Vault XP percentage of total XP
 D = Non-vault monster count
 E = Vault monster count
 F = Vault count percentage of total count
                 A         B        C        D         E       F
            +---------+---------+-------+---------+---------+-------
      Total |      67 |       5 |   6.9 |      32 |       3 |   8.6
            +---------+---------+-------+---------+---------+-------
        D:1 |      46 |       0 |   0.0 |      27 |       0 |   0.0
        D:2 |      21 |       5 |  19.2 |       5 |       3 |  37.5
            +---------+---------+-------+---------+---------+-------
